 Dungeon Crawl Stone Soup version 0.22.0-40-g68aacdc4c8 (webtiles) character file.

22836 Peloso the Fencer (level 12, -10/107 (108) HPs)
             Began as a Minotaur Fighter on Sept 1, 2018.
             Was the Champion of Okawaru.
             Mangled by an entropy weaver (13 damage)
             ... on level 3 of the Lair of Beasts.
             The game lasted 00:40:53 (14050 turns).

Peloso the Fencer (Minotaur Fighter)               Turns: 14050, Time: 00:40:54

HP:   -10/107 (108) AC: 11    Str: 23    XL:     12   Next: 66%
MP:   12/12         EV: 14    Int:  9    God:    Okawaru [******]
Gold: 776           SH: 13    Dex: 13    Spells: 11/11 levels left

rFire    x . .     SeeInvis +   a - +1 scimitar (flame)
rCold    + + +     Gourm    .   c - +0 shield "Daup" {rPois rC+} (curse)
rNeg     . . .     Faith    .   C - +4 scale mail of the Stars {rPois rC++ Int+4 SInv}
rPois    +         Spirit   .   (helmet restricted)
rElec    .         Reflect  .   U - +2 cloak
rCorr    .         Harm     .   J - +0 pair of gloves
MR       .....                  S - +0 pair of boots
Stlth    ..........             (no amulet)
HPRegen  0.27/turn              b - ring of ice
MPRegen  0.13/turn              F - +1 ring of evasion

@: corroded
A: retaliatory headbutt, horns 2
a: Heroism, Finesse, Renounce Religion


You were on level 3 of the Lair of Beasts.
You worshipped Okawaru.
Okawaru was exalted by your worship.
You were not hungry.

You visited 3 branches of the dungeon, and saw 16 of its levels.
You also visited: Ossuary.

You collected 776 gold pieces.

Inventory:

Hand Weapons
 a - a +1 scimitar of flaming (weapon)
 k - the +4 war axe of Indignation {freeze, rN+}
   (You found it on level 6 of the Dungeon)

   It has been specially enchanted to freeze those struck by it, causing extra
   injury to most foes and up to half again as much damage against particularly
   susceptible opponents.
   It can also slow down cold-blooded creatures.
   It protects you from negative energy.
 L - the +2 great sword of the Imperium {slice, +Rage rC- Str+3 Dex+8}
   (Okawaru gifted it to you on level 10 of the Dungeon)

   It inflicts extra damage upon your enemies.
   It affects your strength (+3).
   It affects your dexterity (+8).
   It makes you vulnerable to cold.
   It lets you go berserk.
Armour
 c - the cursed +0 shield "Daup" (worn) {rPois rC+}
   (You found it on level 1 of the Lair of Beasts)

   It protects you from cold.
   It protects you from poison.
   It has a curse placed upon it.
 B - a scarf of spirit shield
 C - the +4 scale mail of the Stars (worn) {rPois rC++ Int+4 SInv}
   (You found it on level 9 of the Dungeon)

   It affects your intelligence (+4).
   It greatly protects you from cold.
   It protects you from poison.
   It lets you see invisible.
 J - a +0 pair of gloves (worn)
 M - the +1 shield "Suoniaw" {rElec rPois Int+4 Dex-4}
   (You found it on level 3 of the Lair of Beasts)

   It affects your intelligence (+4).
   It affects your dexterity (-4).
   It insulates you from electricity.
   It protects you from poison.
 S - a +0 pair of boots (worn)
 U - a +2 cloak (worn)
Jewellery
 b - a ring of ice (left hand)
 s - an uncursed ring of flight
 F - a +1 ring of evasion (right hand)
 I - a +1 ring of protection
 P - an uncursed ring of ice
Wands
 o - a wand of scattershot (3)
 r - a wand of flame (28)
 y - a wand of polymorph (29)
 N - a wand of enslavement (16)
 R - a wand of paralysis (18)
Scrolls
 e - 6 scrolls of teleportation
 g - 3 scrolls of blinking
 m - 8 scrolls of remove curse
 n - a scroll of amnesia
 q - 2 scrolls of enchant weapon
 t - 7 scrolls of identify
 u - 2 scrolls of enchant armour {unknown}
 z - 4 scrolls of magic mapping
 A - a scroll of torment {unknown}
 G - 4 scrolls of noise {unknown}
 K - a scroll of fog {unknown}
 O - a scroll of fear {unknown}
 Q - a scroll of brand weapon {unknown}
Potions
 d - 3 potions of might
 h - 5 potions of invisibility
 i - 7 potions of curing
 j - a potion of magic {unknown}
 l - 4 potions of heal wounds
 p - a potion of mutation
 v - 4 potions of brilliance
 w - 3 potions of agility
 x - 4 potions of flight
 D - a potion of experience
 E - 2 potions of resistance
 H - a potion of haste
Comestibles
 f - 31 rations


   Skills:
 + Level 10.8 Fighting
 + Level 15.2 Long Blades
 + Level 2.5 Axes
 + Level 11.1 Armour
 + Level 6.1 Dodging
 + Level 1.5 Stealth
 + Level 11.2 Shields
 + Level 0.4 Invocations
 + Level 2.5 Evocations


You had 11 spell levels left.
You didn't know any spells.
Your spell library contained the following spells:

 Spells                   Type           Power        Failure   Level  Hunger
 Animate Skeleton         Necr           N/A          80%         1    ##.....
 Apportation              Tloc           #.....       80%         1    ##.....
 Confusing Touch          Hex            #.....       80%         1    ##.....
 Sandblast                Erth           #.....       80%         1    ##.....
 Summon Small Mammal      Summ           #...         80%         1    ##.....
 Passwall                 Tmut/Erth      #.......     91%         2    ###....
 Stone Arrow              Conj/Erth      #.....       99%         3    ####...
 Petrify                  Tmut/Erth      #.......     100%        4    #####..
 Lee's Rapid Deconstruct  Erth           #.........   100%        5    ######.


Dungeon Overview and Level Annotations

Branches:
Dungeon (11/15)            Temple (1/1) D:5            Lair (4/6) D:10
  Swamp (0/4) Lair:3        Snake (0/4) Lair:3          Orc (0/2) D:9

Altars:
Ashenzari
Cheibriados
Dithmenos
Elyvilon
Fedhas
Gozag
Hepliaklqana
Kikubaaqudgha
Makhleb
Nemelex Xobeh
Okawaru
Qazlal
Ru
Sif Muna
Trog
Uskayaw
Vehumet
Wu Jian
Xom
Yredelemnul
Zin
The Shining One
Beogh

Annotations:
D:6 1 runed door, Azzok's ghost, novice DsFi


Innate Abilities, Weirdness & Mutations

You reflexively headbutt those who attack you in melee.
You have a pair of horns on your head.


Message History

You closely miss the entropy weaver.
The entropy weaver is heavily wounded.
The entropy weaver hits you!
* * * LOW HITPOINT WARNING * * *
You block the entropy weaver's attack. The entropy weaver hits you!
* * * LOW HITPOINT WARNING * * *
The entropy weaver closely misses you.
You slash the entropy weaver! You burn the entropy weaver.
The entropy weaver is severely wounded.
The entropy weaver hits you!
* * * LOW HITPOINT WARNING * * *
You block the entropy weaver's attack. The entropy weaver closely misses you.
You block the entropy weaver's attack.
You slash the entropy weaver! You burn the entropy weaver.
You headbutt the entropy weaver.
The entropy weaver is almost dead.
You block the entropy weaver's attack. The entropy weaver hits you!
* * * LOW HITPOINT WARNING * * *
The entropy weaver hits you!
You die...

####.........# #...
#........### ##..
#.......## ##.
###...#...# #P
#........## ##
######.........#
#.##..##>.....####
##...###a#.##..#.#
# ### ###..###
##@####..## ##
##.###....#
####...####### #.
.#....#####
####..###..)..####.
#...#..#
#P#..##.........##.
...#####
#....#...#...#...#.
...<##
##.......#.>.#.))))
.....#
##.>#...#...#...##
.....#
#####.........###
######
###.....###..


You could see an entropy weaver.

Vanquished Creatures
  An entropy weaver (Lair:3)
  Fannar (D:11)
  Erica (D:11)
  Sonja (Lair:1)
  A manticore (D:11)
  An ugly thing (D:11)
  2 black mambas (Lair:2)
  Psyche (D:11)
  A gargoyle (D:10)
  3 spiny frogs
  2 komodo dragons
  A troll (D:11)
  4 blink frogs (Lair:2)
  Grinder (D:5)
  3 hippogriffs
  27 yaks
  A hungry ghost (D:11)
  A basilisk (Lair:3)
  2 wyverns (D:10)
  A steam dragon (D:10)
  4 nagas (Lair:3)
  10 soldier ants
  The ghost of Pereza0 the Skirmisher, an amateur OgFi (D:3)
  8 water moccasins
  A black bear (D:9)
  7 porcupines
  A swamp drake (Lair:3)
  2 ice beasts
  A sky beast (D:10)
  An eye of draining (D:10)
  An ogre (D:10)
  2 necrophages
  5 orc warriors
  A phantom (D:11)
  8 centaurs
  7 crocodiles
  A big kobold (D:10)
  11 bullfrogs
  6 killer bees (D:11)
  10 scorpions (Ossuary)
  3 wights (D:6)
  6 electric eels
  4 crimson imps
  A bullfrog zombie (D:9)
  5 centaur zombies
  3 human zombies (Ossuary)
  A gnoll shaman (D:6)
  3 hounds
  7 orc priests
  A jelly (D:11)
  6 orc wizards
  A bullfrog skeleton (D:11)
  2 centaur skeletons
  7 iguanas
  20 worker ants
  A big kobold zombie (Ossuary)
  3 mummies (Ossuary)
  2 worker ant zombies
  5 gnolls (D:6)
  3 scorpion zombies (Ossuary)
  17 adders
  3 oozes
  An adder zombie (D:5)
  A worm (D:4)
  3 dart slugs
  9 leopard geckos
  33 orcs
  2 ball pythons
  5 giant cockroaches
  10 goblins
  8 hobgoblins
  18 jackals
  12 kobolds
  4 quokkas
  A bat (D:2)
  7 frilled lizards
  3 gnoll zombies (Ossuary)
  2 goblin zombies (Ossuary)
  A hobgoblin zombie (Ossuary)
  A jackal skeleton (D:7)
  3 kobold zombies (Ossuary)
  A leopard gecko skeleton (D:3)
  2 orc zombies (Ossuary)
  A quokka skeleton (D:3)
  9 rats
385 creatures vanquished.

Vanquished Creatures (others)
  2 fungi (Lair:1)
  5 plants (D:7)
  4 toadstools (D:1)
  2 withered plants (D:6)
13 creatures vanquished.

Grand Total: 398 creatures vanquished

Notes
Turn   | Place    | Note
-------+----------+-------------------------------------------
     0 | D:1      | Peloso the Minotaur Fighter began the quest for the Orb.
     0 | D:1      | Reached XP level 1. HP: 19/19 MP: 0/0
    88 | D:1      | Reached XP level 2. HP: 15/27 MP: 1/1
   557 | D:2      | Reached skill level 3 in Long Blades
   557 | D:2      | Reached XP level 3. HP: 29/33 MP: 2/2
   771 | D:2      | Found an ornate altar of the Wu Jian Council.
   793 | D:2      | Reached XP level 4. HP: 39/40 MP: 3/3
   844 | D:2      | Found a glowing golden altar of the Shining One.
  1446 | D:3      | Found a transporter.
  1449 | D:3      | Found a transporter.
  1449 | D:3      | Noticed Pereza0's ghost (amateur OgFi)
  1461 | D:3      | Noticed a necrophage
  1501 | D:3      | Reached skill level 1 in Dodging
  1614 | D:3      | Found an opulent altar of Gozag.
  1614 | D:3      | Found a deep blue altar of Sif Muna.
  1707 | D:3      | Reached XP level 5. HP: 36/46 MP: 4/4
  2114 | D:3      | Reached skill level 4 in Long Blades
  2278 | D:4      | Reached skill level 5 in Shields
  2665 | D:4      | Found a burning altar of Makhleb.
  2822 | D:5      | Entered Level 5 of the Dungeon
  2834 | D:5      | Reached XP level 6. HP: 46/53 MP: 5/5
  2858 | D:5      | Reached skill level 5 in Long Blades
  2975 | D:5      | Reached skill level 6 in Long Blades
  2975 | D:5      | Reached skill level 5 in Armour
  3023 | D:5      | Found a staircase to the Ecumenical Temple.
  3032 | Temple   | Entered the Ecumenical Temple
  3069 | Temple   | Became a worshipper of Warmaster Okawaru
  3145 | D:5      | Reached XP level 7. HP: 49/60 MP: 6/6
  3185 | D:5      | Found a hide-covered altar of Uskayaw.
  3190 | D:5      | Noticed Grinder
  3191 | D:5      | Paralysed by Grinder for 5 turns
  3227 | D:5      | Killed Grinder
  3227 | D:5      | Reached skill level 5 in Fighting
  3661 | D:5      | Reached skill level 7 in Long Blades
  3668 | D:5      | Reached * piety under Okawaru
  3898 | D:6      | Reached XP level 8. HP: 31/69 MP: 7/7
  3902 | D:6      | Got a bloodstained war axe
  3903 | D:6      | Identified the +4 war axe of Indignation {freeze, rN+} (You found it on level 6 of the Dungeon)
  3937 | D:6      | Reached skill level 1 in Axes
  4133 | D:6      | Found a sand-covered staircase.
  4140 | Ossuary  | Entered an ossuary
  4245 | Ossuary  | Reached skill level 8 in Long Blades
  4366 | Ossuary  | Reached ** piety under Okawaru
  4728 | Ossuary  | Reached skill level 9 in Long Blades
  4951 | D:6      | Reached XP level 9. HP: 67/75 MP: 8/8
  5010 | D:6      | Reached skill level 10 in Long Blades
  5025 | D:6      | Found a hazy altar of Hepliaklqana.
  5026 | D:6      | Found a shimmering altar of Xom.
  5027 | D:6      | Noticed a spectral ugly thing
  5070 | D:6      | Found a burning altar of Makhleb.
  5087 | D:6      | Found a runed door.
  5087 | D:6      | Noticed Azzok's ghost (novice DsFi)
  5745 | D:7      | Reached *** piety under Okawaru
  6620 | D:9      | Found a transporter.
  6621 | D:9      | Found a transporter.
  6653 | D:9      | Reached skill level 11 in Long Blades
  6658 | D:9      | Reached **** piety under Okawaru
  6971 | D:9      | Found a basalt altar of Yredelemnul.
  7033 | D:9      | Found a shattered altar of Ashenzari.
  7068 | D:9      | Reached XP level 10. HP: 63/86 MP: 5/9
  7414 | D:9      | Found a staircase to the Orcish Mines.
  7421 | D:9      | Found a roughly hewn altar of Beogh.
  7492 | D:9      | Got a twisted scale mail
  7503 | D:9      | Identified the +4 scale mail of the Stars {rPois rC++ Int+4 SInv} (You found it on level 9 of the Dungeon)
  7536 | D:10     | Entered Level 10 of the Dungeon
  7552 | D:10     | Reached ***** piety under Okawaru
  7695 | D:10     | Reached skill level 12 in Long Blades
  7907 | D:10     | Received a gift from Okawaru
  7957 | D:10     | Received a gift from Okawaru
  8191 | D:10     | Got an ichor-stained great sword {god gift}
  8192 | D:10     | Identified the +2 great sword of the Imperium {slice, +Rage rC- Str+3 Dex+8} (Okawaru gifted it to you on level 10 of the Dungeon)
  8235 | D:10     | Noticed a gargoyle
  8241 | D:10     | Killed a gargoyle
  8542 | D:10     | Reached skill level 13 in Long Blades
  8605 | D:10     | Reached XP level 11. HP: 71/93 MP: 10/10
  8759 | D:10     | Found a staircase to the Lair.
  9217 | D:11     | Noticed Psyche
  9226 | D:11     | Killed Psyche
  9226 | D:11     | Received a gift from Okawaru
  9462 | D:11     | Noticed Erica
  9462 | D:11     | Noticed a brown ugly thing
  9480 | D:11     | Killed Erica
  9509 | D:11     | Killed a brown ugly thing
  9746 | D:11     | Noticed Fannar
  9768 | D:11     | Killed Fannar
  9768 | D:11     | Reached skill level 14 in Long Blades
 10049 | D:11     | Reached skill level 10 in Armour
 10286 | D:3      | Killed Pereza0's ghost
 10708 | Lair:1   | Entered Level 1 of the Lair of Beasts
 10802 | Lair:1   | Noticed Sonja
 10808 | Lair:1   | Killed Sonja
 10808 | Lair:1   | Received a gift from Okawaru
 10812 | Lair:1   | Got a crude ring mail {god gift}
 10827 | Lair:1   | Identified the +1 ring mail "Jobuasem" {Str+5 Int-5} (Okawaru gifted it to you on level 1 of the Lair of Beasts)
 10827 | Lair:1   | Lost intelligence.
 10933 | Lair:1   | Reached skill level 1 in Stealth
 10933 | Lair:1   | Reached skill level 1 in Evocations
 11097 | Lair:1   | Reached skill level 10 in Shields
 11367 | Lair:1   | Got a faintly humming shield
 11373 | Lair:1   | Identified the cursed +0 shield "Daup" {rPois rC+} (You found it on level 1 of the Lair of Beasts)
 11898 | Lair:2   | Reached XP level 12. HP: 95/105 MP: 10/12
 11922 | Lair:2   | Reached skill level 5 in Dodging
 12084 | Lair:2   | Reached skill level 10 in Fighting
 12510 | Lair:3   | Found a staircase to the Swamp.
 12710 | Lair:3   | Reached skill level 15 in Long Blades
 12988 | Lair:3   | Received a gift from Okawaru
 13005 | Lair:3   | Found a staircase to the Snake Pit.
 13124 | Lair:3   | Found the +8 storm bow {elec}
 13315 | Lair:3   | Got a pitted shield
 13316 | Lair:3   | Identified the +1 shield "Suoniaw" {rElec rPois Int+4 Dex-4} (You found it on level 3 of the Lair of Beasts)
 13715 | Lair:4   | Reached ****** piety under Okawaru
 13787 | Lair:4   | Noticed an entropy weaver
 13787 | Lair:4   | Noticed an entropy weaver
 14038 | Lair:3   | Killed an entropy weaver
 14050 | Lair:3   | HP: 3/107 [entropy weaver (8)]
 14050 | Lair:3   | Mangled by an entropy weaver

Skill      XL: |  1  2  3  4  5  6  7  8  9 10 11 12 |
---------------+-------------------------------------+-----
Fighting       | 4 5 6 7 8 9 10 | 10.8
Shields        | 4 5 6 8 9 10 11 | 11.2
Long Blades    | 3 4 6 7 9 11 13 14 15 | 15.2
Armour         | 4 5 6 8 9 10 11 | 11.1
Dodging        | 1 2 3 4 6 |  6.1
Axes           | 2 |  2.5
Stealth        | 1 |  1.5
Evocations     | 2 |  2.5
Invocations    | |  0.4

Action                   |  1- 3 |  4- 6 |  7- 9 | 10-12 || total
-------------------------+-------+-------+-------+-------++-------
Melee: Long sword        |    75 |   150 |   405 |   158 ||   788
       Headbutt          |    10 |    27 |    97 |   182 ||   316
       War axe           |       |       |    15 |       ||    15
       Great sword       |       |       |       |    70 ||    70
       Scimitar          |       |       |       |   426 ||   426
Invok: Heroism           |       |       |       |     2 ||     2
Evoke: Wand              |       |       |     4 |    17 ||    21
  Use: Scroll            |       |       |     6 |    16 ||    22
 Stab: Confused          |       |       |       |     1 ||     1
  Eat: Chunk             |       |     7 |    10 |    20 ||    37
       Ration            |       |       |     1 |     1 ||     2
Armor: Scale mail        |    30 |    42 |       |   157 ||   229
       Chain mail        |       |    36 |   146 |    14 ||   196
       Plate armour      |       |       |       |     5 ||     5
Dodge: Dodged            |    31 |    47 |   111 |   274 ||   463
Block: Shield            |    53 |   102 |   210 |   287 ||   652
       Rpst.: Long sword |    10 |    20 |    31 |     8 ||    69
       Great sword       |       |       |       |    12 ||    12
       Scimitar          |       |       |       |    43 ||    43
